 Dungeon Crawl Stone Soup version 0.30-a0-371-gad7725a93e (webtiles) character file.

Game seed: 1952609436592382989

207 McGhostyFace the Skirmisher (level 5, -1/41 HPs)
             Began as a Gnoll Wanderer on Nov 21, 2022.
             Slain by an orc wizard
             ... wielding a +0 dagger
              (3 damage)
             ... on level 3 of the Dungeon.
             The game lasted 00:04:00 (1876 turns).

McGhostyFace the Skirmisher (Gnoll Wanderer)        Turns: 1876, Time: 00:04:00

Health: -1/41      AC:  4    Str: 11    XL:     5   Next: 85%
Magic:  7/7        EV: 12    Int: 11    God:
Gold:   82         SH:  0    Dex: 14    Spells: 7/7 levels left

rFire   x . .      SeeInvis .    a - +2 sling
rCold   + . .      Faith    .    (no shield)
rNeg    . . .      Spirit   .    d - +0 leather armour
rPois   .          Reflect  .    (no helmet)
rElec   .          Harm     .    c - +0 cloak
rCorr   .          Rampage  .    (no gloves)
Will    +....                    (no boots)
Stlth   ++........               (no amulet)
HPRegen 0.26/turn                j - ring of ice
MPRegen 0.10/turn                n - ring of willpower

@: no status effects
A: fangs 1, strong nose, distributed training
a: no special abilities


You were on level 3 of the Dungeon.
You visited 1 branch of the dungeon, and saw 3 of its levels.

You collected 82 gold pieces.

Inventory:

Hand Weapons
 a - a +2 sling (weapon)
 i - a +3 short sword
Missiles
 f - 11 poisoned darts
 p - 3 javelins
Armour
 c - a +0 cloak (worn)
 d - a +0 leather armour (worn)
Jewellery
 j - a ring of ice (left hand)
 n - a ring of willpower (right hand)
Scrolls
 g - a scroll of teleportation {unknown}
 h - a scroll of acquirement {unknown}
 k - a scroll of immolation {unknown}
 m - a scroll of identify {unknown}
 r - a scroll of noise {unknown}
 t - a scroll of fog {unknown}
 v - a scroll of vulnerability {unknown}
Potions
 b - 3 potions of curing
 e - a potion of degeneration {unknown}
 l - a potion of attraction {unknown}
 o - a potion of flight {unknown}
 q - a potion of cancellation {unknown}
 s - a potion of lignification {unknown}
 u - 2 potions of resistance {unknown}


   Skills:
 + Level 3.1 Fighting
 + Level 1.7 Short Blades
 + Level 1.7 Long Blades
 + Level 1.7 Axes
 + Level 1.7 Maces & Flails
 + Level 1.7 Polearms
 + Level 1.7 Staves
 + Level 10.5 Ranged Weapons
 + Level 1.7 Throwing
 + Level 3.1 Armour
 + Level 3.1 Dodging
 + Level 2.9 Stealth
 + Level 1.7 Shields
 + Level 3.1 Unarmed Combat
 + Level 1.7 Spellcasting
 + Level 1.3 Conjurations
 + Level 1.3 Hexes
 + Level 1.3 Summonings
 + Level 1.3 Necromancy
 + Level 1.3 Translocations
 + Level 1.3 Transmutations
 + Level 1.3 Fire Magic
 + Level 1.3 Ice Magic
 + Level 1.3 Air Magic
 + Level 1.3 Earth Magic
 + Level 1.3 Poison Magic
 + Level 2.0 Invocations
 + Level 1.7 Evocations


You had 7 spell levels left.
You didn't know any spells.
Your spell library contained the following spells:

 Spells                   Type           Power      Damage    Failure   Level
 Beastly Appendage        Tmut           8%         N/A       22%         1
 Sandblast                Erth           8%         2d5       22%         1
 Passwall                 Tmut/Erth      3%         N/A       32%         2
 Wereblood                Tmut           4%         N/A       32%         2
 Spider Form              Tmut/Pois      4%         N/A       54%         3
 Stone Arrow              Conj/Erth      8%         3d7       54%         3


Dungeon Overview and Level Annotations

Branches:
Dungeon (3/15)

Altars:
Qazlal


Innate Abilities, Weirdness & Mutations

You have very sharp teeth.
Your uncanny sense of smell can sniff out nearby items.
Your experience applies equally to all skills.


Message History

The sling bullet closely misses the orc.
You shoot a sling bullet.
The sling bullet hits the orc but does no damage.
The orc is almost dead.
Something hits you but does no damage. The orc hits you but does no damage.
You shoot a sling bullet. The sling bullet barely misses the orc.
Something hits you. The orc closely misses you.
Fire: a) +2 sling
Press: ? - help, Shift-Dir - straight line, p - orc You shoot a sling bullet.
You hear some strange, mumbled words.
A magic dart appears from out of thin air!
The magic dart hits you. The orc closely misses you.
Fire: a) +2 sling
Press: ? - help, Shift-Dir - straight line, f - orc
Aim: an orc, wielding a +0 hand axe and wearing a +0 ring mail (severely wounded, 69% to hit)
You shoot a sling bullet. The sling bullet barely misses the orc.
Something hits you. The orc completely misses you.
Fire: a) +2 sling
Press: ? - help, Shift-Dir - straight line, p - orc You shoot a sling bullet.
Something hits you. The orc closely misses you.
Fire: a) +2 sling
Press: ? - help, Shift-Dir - straight line You shoot a sling bullet.
The orc misses you.
You hear some strange, mumbled words.
A magic dart appears from out of thin air!
The magic dart hits you.
Fire: a) +2 sling
Press: ? - help, Shift-Dir - straight line, f - orc
Aim: an orc, wielding a +0 hand axe and wearing a +0 ring mail (heavily wounded, 69% to hit)
You shoot a sling bullet.
The sling bullet hits the orc but does no damage.
The orc is heavily wounded.
The orc hits you with a +0 hand axe.
You hear some strange, mumbled words.
A magic dart appears from out of thin air!
The magic dart hits you!
* * * LOW HITPOINT WARNING * * *
Something hits you.
You die...

###
#.############
#.......†....#
#.########.###
#.#.........#
#.#.######..#
####
#.#.####.#..#
...#
#.#......#..#
...#
#.#.....{@..#
...#
#.#.####o##.#
...# #.#
#.....#.#
...#####.#
#.##.(#.#
...'>....# #
#..#.#
...#.#####
#..#.# .....#
#).#.# .....#
#..#.# .....#
#..#


You could see an orc.

Vanquished Creatures
  A necrophage (D:3)
  An orc priest (D:3)
  3 adders (D:2)
  3 worms
  2 dart slugs (D:2)
  5 orcs (D:3)
  11 ball pythons
  4 bats
  5 endoplasms
  A giant cockroach (D:1)
  4 goblins
  6 hobgoblins
  4 jackals
  3 kobolds (D:1)
  7 quokkas
  3 frilled lizards
  6 rats
69 creatures vanquished.

Notes
Turn   | Place    | Note
-------+----------+-------------------------------------------
     0 | D:1      | Reached skill level 10 in Ranged Weapons
     0 | D:1      | McGhostyFace the Gnoll Wanderer began the quest for the
                  | Orb.
     0 | D:1      | McGhostyFace set off with the following items: a +2 sling,
                  | 2 potions of curing, a +0 cloak, a +0 leather armour.
     0 | D:1      | Reached XP level 1. HP: 17/17 MP: 1/1
    25 | D:1      | Reached XP level 2. HP: 23/23 MP: 2/2
   202 | D:1      | Reached XP level 3. HP: 28/28 MP: 3/3
   736 | D:2      | Reached skill level 1 in Invocations
   762 | D:2      | Reached skill level 1 in Short Blades
   762 | D:2      | Reached skill level 1 in Long Blades
   762 | D:2      | Reached skill level 1 in Axes
   762 | D:2      | Reached skill level 1 in Maces & Flails
   762 | D:2      | Reached skill level 1 in Polearms
   762 | D:2      | Reached skill level 1 in Staves
   762 | D:2      | Reached skill level 1 in Throwing
   762 | D:2      | Reached skill level 1 in Shields
   762 | D:2      | Reached skill level 1 in Spellcasting
   762 | D:2      | Reached skill level 1 in Evocations
   913 | D:2      | Found a faded altar of an unknown god.
   968 | D:2      | Reached XP level 4. HP: 32/34 MP: 5/5
  1236 | D:2      | Reached skill level 1 in Conjurations
  1236 | D:2      | Reached skill level 1 in Hexes
  1236 | D:2      | Reached skill level 1 in Summonings
  1236 | D:2      | Reached skill level 1 in Necromancy
  1236 | D:2      | Reached skill level 1 in Translocations
  1236 | D:2      | Reached skill level 1 in Transmutations
  1236 | D:2      | Reached skill level 1 in Fire Magic
  1236 | D:2      | Reached skill level 1 in Ice Magic
  1236 | D:2      | Reached skill level 1 in Air Magic
  1236 | D:2      | Reached skill level 1 in Earth Magic
  1236 | D:2      | Reached skill level 1 in Poison Magic
  1456 | D:3      | Noticed a necrophage
  1468 | D:3      | Killed a necrophage
  1469 | D:3      | Reached XP level 5. HP: 33/41 MP: 5/7
  1671 | D:3      | Found a stormy altar of Qazlal.
  1875 | D:3      | HP: 2/41 [something/magic dart (11)]
  1876 | D:3      | Slain by an orc wizard

Illustrated notes

Levels and vault maps discovered:
D:1:      dpeg_arrival_tiny_a, layout_basic, serial_forest,
          infiniplex_forest_clump_diagonal, infiniplex_forest_end_2,
          infiniplex_forest_corner_1, infiniplex_forest_lined_2,
          infiniplex_forest_straight_2, infiniplex_forest_zigzag_2
D:2:      kennysheep_big_flooded_room, layout_basic,
          chequers_ecumenical_altar_simple
D:3:      layout_basic, elyvilon_altar_3, nicolae_qazlal_general_emergency

Skill      XL: |  1  2  3  4  5 |
---------------+----------------+-----
Ranged Weapons | | 10.5
Invocations    | 1 2 |  2.0
Short Blades   | 1 |  1.7
Long Blades    | 1 |  1.7
Axes           | 1 |  1.7
Maces & Flails | 1 |  1.7
Polearms       | 1 |  1.7
Staves         | 1 |  1.7
Throwing       | 1 |  1.7
Shields        | 1 |  1.7
Spellcasting   | 1 |  1.7
Evocations     | 1 |  1.7
Conjurations   | 1 |  1.3
Hexes          | 1 |  1.3
Summonings     | 1 |  1.3
Necromancy     | 1 |  1.3
Translocations | 1 |  1.3
Transmutations | 1 |  1.3
Fire Magic     | 1 |  1.3
Ice Magic      | 1 |  1.3
Air Magic      | 1 |  1.3
Earth Magic    | 1 |  1.3
Poison Magic   | 1 |  1.3
Fighting       | 3 |  3.1
Armour         | 3 |  3.1
Dodging        | 3 |  3.1
Unarmed Combat | 3 |  3.1
Stealth        | |  2.9

Action                   |  1- 3 |  4- 6 || total
-------------------------+-------+-------++-------
Melee: Short sword       |       |     7 ||     7
       Punch             |       |     1 ||     1
 Fire: Sling             |   108 |   118 ||   226
Armor: Leather armour    |     2 |    48 ||    50
Dodge: Dodged            |     7 |    69 ||    76

Table legend: (Time is in decaauts)
 A = Elapsed time spent in this place.
 B = Non-inter-level travel time spent in this place.
 C = Inter-level travel time spent in this place.
 D = Time resting spent in this place.
 E = Time spent auto-exploring this place.
 F = Levels seen in this place.
 G = Mean time per level.
                   A        B        C        D        E       F      G
               +--------+--------+--------+--------+--------+-----+--------+
         Total |   1853 |   1816 |     37 |    167 |   1304 |   3 |  617.7 |
       Dungeon |   1853 |   1816 |     37 |    167 |   1304 |   3 |  617.7 |
               +--------+--------+--------+--------+--------+-----+--------+

Top non-repeatable levels by time:
     D:1: 726 daAuts
     D:2: 678 daAuts
     D:3: 448 daAuts
